Match 47369409
Unlisted

Match 47369409
End
Selects Italian Combined Arms Battlegroup
Selects Bersaglieri Squad
Bersaglieri Squad
Panzerpioneer Squad
Bersaglieri Squad
Bersaglieri Squad
Construct Light Support Kompanie
Selects Bersaglieri Bolster
Fire Support Elements
2.5-tonne Medical Truck
Panzerjäger Mechanized Group
Selects Breda Model 30 Light Machine Guns
Veteran Squad Leaders
Selects Semovente da 75/18 Assault Gun
Construct Mechanized Kompanie
Vehicle Survival Package
Selects Carro Armato M13/40 Light Tank
Rapid Advance
Emergency Repair Kits
Selects Pact of Steel
Carro Armato M13/40 Light Tank
Carro Armato M13/40 Light Tank
Carro Armato M13/40 Light Tank
Carro Armato M13/40 Light Tank
Carro Armato M13/40 Light Tank
Carro Armato M13/40 Light Tank
【嗜血狼族】灵狐魅儿
Jameswithnoname
黑的白渡鴉
维维豆奶
1Div MED
DJ-DeepN
Zubit
=RUN=TWOMAn
0
0

Comments sign in to comment!

No comments posted yet!